 Dungeon Crawl Stone Soup version 0.28-a0-697-g47f3eba078 (webtiles) character file.

Game seed: 18424052533961741235

61808 Grim the Warrior (level 15, -1/297 HPs)
             Began as an Ogre Berserker on Oct 23, 2021.
             Was a High Priest of Trog.
             Succumbed to a cane toad's poison
             ... on level 6 of the Lair of Beasts.
             The game lasted 00:53:19 (29084 turns).

Grim the Warrior (Ogre Berserker)                  Turns: 29084, Time: 00:53:20

Health: -1/297     AC: 11    Str: 29    XL:     15   Next: 4%
Magic:  15/15      EV: 10    Int: 11    God:    Trog [*****.]
Gold:   850        SH:  5    Dex: 12    Spells: 14/14 levels left

rFire   . . .      SeeInvis .   T - +0 giant spiked club
rCold   . . .      Faith    .   (shield currently unavailable)
rNeg    . . .      Spirit   .   c - +0 acid dragon scales
rPois   +          Reflect  +   P - +0 hat
rElec   .          Harm     +   (no cloak)
rCorr   +          Rampage  .   (gloves unavailable)
Will    +....                   (boots unavailable)
Stlth   ..........              A - amulet "Zuxatwiw" {Reflect Harm Str+4 Int+2 SH+5 Stlth-}
HPRegen 0.59/turn               k - +4 ring of protection
MPRegen 0.14/turn               G - ring of poison resistance

@: berserking, lethally poisoned (-1 -> -11), very quick
A: large, unfitting armour, tough skin 1, robust 1, sturdy frame 1
a: Renounce Religion, Berserk, Trog's Hand, Brothers in Arms


You were on level 6 of the Lair of Beasts.
You worshipped Trog.
Trog was extremely pleased with you.
You visited 2 branches of the dungeon, and saw 20 of its levels.
You also visited: Volcano.

You collected 1380 gold pieces.
You spent 530 gold pieces at shops.

Inventory:

Hand Weapons
 I - a +4 flail of freezing
 T - a +0 giant spiked club (weapon)
Missiles
 F - 4 boomerangs (quivered)
 K - a throwing net
 O - 7 javelins
Armour
 c - +0 acid dragon scales (worn)
 P - a +0 hat (worn)
Jewellery
 i - a +6 ring of intelligence
 k - a +4 ring of protection (left hand)
 l - a +6 ring of intelligence
 q - an amulet of regeneration
 t - an amulet of reflection
 A - the amulet "Zuxatwiw" (around neck) {Reflect Harm Str+4 Int+2 SH+5 Stlth-}
   (You bought it in a shop on level 6 of the Dungeon)

   [amulet of reflection]

   It reflects blocked missile attacks.
   Str:       It affects your strength (+4).
   Int:       It affects your intelligence (+2).
   SH:        It affects your SH (+5).
   Harm:      It increases damage dealt and taken.
   Stlth:     It makes you less stealthy.
 C - a ring of resist corrosion
 G - a ring of poison resistance (right hand)
 R - a ring of protection from fire
 S - a ring of see invisible
Wands
 a - a wand of mindburst (23)
 h - a wand of flame (7)
 o - a wand of paralysis (19)
 y - a wand of iceblast (16)
 D - a wand of polymorph (9)
 L - a wand of acid (16)
 Q - a wand of digging (4)
Scrolls
 d - 2 scrolls of teleportation
 e - 2 scrolls of summoning {unknown}
 j - 4 scrolls of enchant armour
 n - 3 scrolls of blinking {unknown}
 u - 3 scrolls of amnesia {unknown}
 v - a scroll of magic mapping {unknown}
 w - 3 scrolls of fear {unknown}
 H - 3 scrolls of vulnerability {unknown}
 J - 6 scrolls of enchant weapon
Potions
 f - 3 potions of magic
 g - a potion of attraction
 m - 3 potions of flight
 p - a potion of cancellation
 r - 6 potions of might
 s - 13 potions of curing
 x - 3 potions of lignification
 z - 2 potions of ambrosia
 B - 6 potions of haste
 E - 4 potions of invisibility
 M - 4 potions of resistance
 N - 2 potions of berserk rage


   Skills:
 + Level 19.3 Fighting
 + Level 17.5 Maces & Flails
 - Level 10.1 Throwing
 - Level 2.6 Dodging


You had 14 spell levels left.
You didn't know any spells.
Your spell library was empty.

Dungeon Overview and Level Annotations

Branches:
Dungeon (14/15)            Temple (0/1) D:4            Lair (6/6) D:10
 Shoals (0/4) Lair:3       Spider (0/4) Lair:3          Orc (0/2) D:11
 Vaults (0/5) D:14        Volcano (visited)
  Slime: Lair:5-6

Altars:
Nemelex Xobeh
Okawaru
Qazlal
Sif Muna
Trog
Wu Jian
Beogh

Shops:
D:4 **[((   D:5 ?((   D:6 *=

Annotations:
D:7 2 transporters


Innate Abilities, Weirdness & Mutations

You are too large for most types of armour.
You have tough skin. (AC +1)
You are robust. (+10% HP)
Your movements are slightly less encumbered by armour. (ER -2)


Message History

You kill the komodo dragon!
Trog accepts your kill.
You feel very sick. The six-headed hydra bites you.
* * * LOW HITPOINT WARNING * * *
The six-headed hydra closely misses you.
The six-headed hydra barely misses you.
The six-headed hydra bites you but does no damage.
The six-headed hydra bites you.
* * * LOW HITPOINT WARNING * * *
The six-headed hydra bites you.
* * * LOW HITPOINT WARNING * * *
The cane toad stings you!
* * * LOW HITPOINT WARNING * * *
You impale the six-headed hydra!!
The six-headed hydra is heavily wounded.
You feel very sick.
You crush the six-headed hydra like a grape!!!
You feel the power of Trog in you as your rage grows.
You kill the six-headed hydra!
Trog accepts your kill.
You feel very sick.
The cane toad stings you but does no damage.
You thump the cane toad!
The cane toad is heavily wounded.
You feel very sick. The cane toad stings you.
* * * LOW HITPOINT WARNING * * *
You hit the cane toad.
The cane toad is heavily wounded.
You feel very sick. The cane toad stings you!
* * * LOW HITPOINT WARNING * * *
You spit the cane toad like a pig!!!
You feel the power of Trog in you as your rage grows.
You kill the cane toad!
Trog accepts your kill.
* * * LOW HITPOINT WARNING * * *
You feel very sick.
You die...

### ##..## ..##..
.....###
........##P.....###
.....Y............#
..............P.P...
......#........P....
............†$......
...........@........
............†.......
..................?.....
..P.....................
.........##.............
.........#..............
.............÷..........
.........#..............
.........#....<.........


You could see an elephant.

Vanquished Creatures
  Kirke (D:14)
  8 hydras
  A boulder beetle (D:14)
  3 two-headed ogres (D:10)
  Erica (Lair:2)
  2 centaur warriors (D:14)
  A tengu warrior (D:13)
  Urug (Lair:1)
  7 skeletal warriors
  Pikel (D:8)
  A deep elf pyromancer (D:13)
  A lindwurm (Lair:1)
  2 manticores
  2 ugly things
  3 cyclopes
  20 elephants
  2 black mambas
  A black mamba (shapeshifter) (D:14)
  A water nymph (shapeshifter) (D:13)
  9 cane toads
  5 gargoyles
  An efreet (D:14)
  5 komodo dragons
  A kobold demonologist (D:10)
  A yaktaur (shapeshifter) (D:14)
  A troll (D:12)
  A tengu conjurer (D:12)
  2 polar bears
  3 hornets
  A wind drake (Lair:3)
  2 harpy skeletons (Volcano)
  20 slime creatures
  22 blink frogs
  An alligator skeleton (Volcano)
  3 flying skulls (Volcano)
  A wraith (D:8)
  Sigmund (D:2)
  6 wyverns
  2 shadows (D:11)
  A golden eye (shapeshifter) (D:14)
  43 yaks
  3 hogs (D:14)
  4 basilisks
  A hog (shapeshifter) (D:13)
  Eustachio (D:6)
  2 vampire mosquitoes (D:13)
  2 acid dragons
  10 water moccasins
  Duvessa (D:6)
  6 black bears
  7 orc warriors
  3 ogres
  An ice beast (D:6)
  9 wolves
  4 centaurs
  A phantom (D:5)
  3 kobold brigands (D:9)
  2 lemures (D:8)
  2 gnoll sergeants
  5 bullfrogs
  A water moccasin zombie (D:5)
  7 scorpions
  Dowan (D:6)
  A howler monkey (D:9)
  3 killer bees (D:11)
  20 wights
  A troll skeleton (Volcano)
  A spriggan skeleton (Volcano)
  A bullfrog zombie (D:7)
  A centaur zombie (D:9)
  A bullfrog skeleton (D:5)
  9 orc priests
  A hound (D:5)
  5 jellies
  Terence (D:2)
  4 iguanas
  Natasha (thrice) (D:2)
  8 orc wizards
  A howler monkey zombie (D:9)
  8 adders
  10 gnolls
  A shadow imp (D:7)
  An ufetubus (D:6)
  An adder skeleton (D:4)
  3 worms (D:2)
  28 orcs
  8 endoplasms
  8 giant cockroaches
  8 goblins
  4 hobgoblins
  4 quokkas
  4 ball pythons
  8 bats
  3 frilled lizards
  24 kobolds
  7 rats
458 creatures vanquished.

Vanquished Creatures (collateral kills)
  2 skeletal warriors (D:14)
  An ugly thing (D:11)
3 creatures vanquished.

Vanquished Creatures (others)
  37 fungi
  45 plants
82 creatures vanquished.

Grand Total: 543 creatures vanquished

Notes
Turn   | Place    | Note
-------+----------+-------------------------------------------
     0 | D:1      | Grim the Ogre Berserker began the quest for the Orb.
     0 | D:1      | Reached XP level 1. HP: 24/24 MP: 1/1
   178 | D:1      | Reached XP level 2. HP: 32/32 MP: 2/2
   612 | D:1      | Reached ** piety under Trog
   631 | D:1      | Reached XP level 3. HP: 40/40 MP: 3/3
   977 | D:2      | Noticed Natasha
   985 | D:2      | Killed Natasha
   986 | D:2      | Reached XP level 4. HP: 49/49 MP: 4/4
  1079 | D:2      | Reached skill level 5 in Fighting
  1145 | D:2      | Noticed Natasha
  1150 | D:2      | Killed Natasha
  1179 | D:2      | Noticed Natasha
  1185 | D:2      | Killed Natasha
  1186 | D:2      | Reached XP level 5. HP: 31/57 MP: 5/5
  1624 | D:2      | Noticed Sigmund
  1803 | D:2      | Killed Sigmund
  1804 | D:2      | Reached skill level 6 in Fighting
  1804 | D:2      | Reached skill level 5 in Maces & Flails
  1804 | D:2      | Reached XP level 6. HP: 67/67 MP: 6/6
  2254 | D:2      | Noticed Terence
  2265 | D:2      | Killed Terence
  3419 | D:3      | Found an iron altar of Okawaru.
  3443 | D:3      | Found a faded altar of an unknown god.
  3587 | D:4      | Noticed a black bear
  3598 | D:4      | Killed a black bear
  3599 | D:4      | Reached XP level 7. HP: 76/76 MP: 7/7
  3652 | D:4      | Reached skill level 7 in Fighting
  3753 | D:4      | Reached *** piety under Trog
  3901 | D:4      | Found an ornate altar of the Wu Jian Council.
  3940 | D:4      | Found Rump's Antique Armour Shoppe.
  3967 | D:4      | Found Etwukic's Assorted Antiques.
  4174 | D:4      | Found Juethuc's Antique Weapon Emporium.
  4230 | D:4      | Found Tuunehor's General Store.
  4280 | D:4      | Found Unaovev's Weapon Emporium.
  4370 | D:4      | Found a staircase to the Ecumenical Temple.
  4403 | D:5      | Entered Level 5 of the Dungeon
  4429 | D:5      | Reached XP level 8. HP: 76/88 MP: 8/8
  4493 | D:5      | Identified the +1 pair of gloves of Gozag's Favour {+Inv
                  | rPois Will+}
  4560 | D:5      | Reached skill level 8 in Fighting
  4728 | D:5      | Found a shimmering blue altar of Sif Muna.
  4854 | D:5      | Noticed a yak
  4861 | D:5      | Killed a yak
  4888 | D:5      | Noticed a yak
  4888 | D:5      | Noticed a yak
  4889 | D:5      | Noticed a yak
  4907 | D:5      | Killed a yak
  4910 | D:5      | Killed a yak
  4910 | D:5      | Noticed a yak
  4911 | D:5      | Reached skill level 9 in Fighting
  4916 | D:5      | Killed a yak
  4917 | D:5      | Reached XP level 9. HP: 98/98 MP: 9/9
  5192 | D:5      | Found Wisecrem's Magic Scroll Emporium.
  5196 | D:5      | Found Vetuopt's Assorted Antiques.
  5197 | D:5      | Found Nurunac's Antique Weapon Emporium.
  5197 | D:5      | Found Aciesaiv's Weapon Emporium.
  5593 | D:6      | Found Cimaplia's Jewellery Shop.
  5919 | D:6      | Found Lagoesue's General Store.
  6069 | D:6      | Noticed Eustachio
  6082 | D:6      | Killed Eustachio
  6083 | D:6      | Reached skill level 10 in Fighting
  6264 | D:6      | Noticed Dowan
  6265 | D:6      | Noticed Duvessa
  6271 | D:6      | Killed Duvessa
  6273 | D:6      | Killed Dowan
  6607 | D:6      | Reached skill level 10 in Maces & Flails
  7023 | D:7      | Found a transporter.
  7246 | D:7      | Found a transporter.
  8221 | D:7      | Reached skill level 11 in Fighting
  8295 | D:7      | Reached XP level 10. HP: 76/113 MP: 10/10
  9299 | D:8      | Noticed Pikel
  9308 | D:8      | Killed Pikel
  9422 | D:8      | Reached **** piety under Trog
  9443 | D:8      | Found a sparkling altar of Nemelex Xobeh.
  9840 | D:9      | Reached skill level 12 in Fighting
 11343 | D:9      | Found a bloodstained altar of Trog.
 11350 | D:9      | Reached skill level 1 in Throwing
 11830 | D:10     | Entered Level 10 of the Dungeon
 11899 | D:10     | Noticed a kobold demonologist
 12309 | D:10     | Killed a kobold demonologist
 12310 | D:10     | Reached XP level 11. HP: 126/126 MP: 11/11
 12446 | D:10     | Noticed a two-headed ogre
 12456 | D:10     | Killed a two-headed ogre
 12575 | D:10     | Found a staircase to the Lair.
 12591 | D:10     | Reached skill level 13 in Fighting
 12658 | D:10     | Noticed a two-headed ogre
 12669 | D:10     | Killed a two-headed ogre
 12711 | D:10     | Found a stormy altar of Qazlal.
 12738 | D:10     | Noticed a two-headed ogre
 12745 | D:10     | Killed a two-headed ogre
 12746 | D:10     | Reached skill level 5 in Throwing
 13681 | D:11     | Found a staircase to the Orcish Mines.
 14371 | D:11     | Noticed a purple ugly thing
 14382 | D:11     | Killed a purple ugly thing
 15412 | D:12     | Noticed an eight-headed hydra
 15443 | D:12     | Killed an eight-headed hydra
 15492 | D:11     | Gained mutation: Your magical capacity is low. (-10% MP)
                  | [potion of mutation]
 15492 | D:11     | Gained mutation: You are robust. (+10% HP) [potion of
                  | mutation]
 15492 | D:11     | Lost mutation: Your magical capacity is low. (-10% MP)
                  | [potion of mutation]
 15492 | D:11     | Gained mutation: Your movements are slightly less
                  | encumbered by armour. (ER -2) [potion of mutation]
 15746 | D:12     | Noticed a cyclops
 15778 | D:12     | Killed a cyclops
 15779 | D:12     | Reached skill level 14 in Fighting
 15921 | D:12     | Noticed a cyclops
 15923 | D:12     | Killed a cyclops
 15995 | D:12     | Reached XP level 12. HP: 138/152 MP: 12/12
 16594 | D:13     | Noticed a tengu warrior
 16729 | D:13     | Killed a tengu warrior
 17277 | D:13     | Noticed a five-headed hydra
 17282 | D:13     | Killed a five-headed hydra
 17614 | D:13     | Reached skill level 15 in Fighting
 18194 | D:14     | Noticed a boulder beetle
 18313 | D:14     | Killed a boulder beetle
 18398 | D:14     | Reached skill level 15 in Maces & Flails
 18400 | D:14     | Found a gate to the Vaults.
 18629 | D:14     | Reached skill level 16 in Fighting
 18629 | D:14     | Reached XP level 13. HP: 60/167 MP: 13/13
 20385 | D:14     | Noticed Kirke
 20396 | D:14     | Killed Kirke
 20566 | Lair:1   | Entered Level 1 of the Lair of Beasts
 20660 | D:6      | Bought the amulet "Zuxatwiw" {Reflect Harm Str+4 Int+2 SH+5
                  | Stlth-} for 530 gold pieces
 20784 | Lair:1   | Noticed Urug
 20801 | Lair:1   | Killed Urug
 21177 | Lair:1   | Found a dark tunnel.
 21188 | Volcano  | Entered a volcano
 22319 | Volcano  | Found the +3 pair of seven-league boots {Rampage+∞}
 23289 | Lair:1   | Reached skill level 10 in Throwing
 24034 | Lair:2   | Reached XP level 14. HP: 179/179 MP: 14/14
 24251 | Lair:2   | Noticed Erica
 24254 | Lair:2   | Killed Erica
 24410 | Lair:3   | Reached skill level 17 in Fighting
 24491 | Lair:3   | Found a hole to the Spider Nest.
 25604 | Lair:3   | Found a staircase to the Shoals.
 25633 | Lair:3   | Reached ***** piety under Trog
 26006 | Lair:3   | Reached skill level 18 in Fighting
 27290 | Lair:5   | You fall into a shaft and drop 1 floor!
 27290 | Lair:6   | Entered Level 6 of the Lair of Beasts
 28200 | Lair:5   | Reached skill level 19 in Fighting
 28757 | Lair:5   | Reached XP level 15. HP: 105/198 MP: 15/15
 29082 | Lair:6   | HP: 3/297 [cane toad (15)]
 29083 | Lair:6   | HP: 1/297 [poisoned by a cane toad]
 29084 | Lair:6   | Succumbed to a cane toad's poison

Illustrated notes

Levels and vault maps discovered:
D:1:      onia_arrival_pentagram, layout_basic, chequers_serial_rivers_small_3
D:2:      layout_rooms, uniq_sigmund, uniq_terence, uniq_natasha
D:3:      layout_loops_ring, okawaru_metal_pillars_1_2,
          shapermc_ecumenical_altar_mp_ritualfount, minmay_checkerbox
D:4:      layout_gridville, mainiacjoe_overflow_tiny_flanked,
          lemuel_temple_firewalk_a, serial_shops, nicolae_stop_n_shop_1,
          kennysheep_little_box, shop, nicolae_take_the_stairs, shop
D:5:      layout_loops_ring, marbit_many_paths, minmay_misc_feat_secret_circle,
          minmay_shop_grid_forest
D:6:      layout_rooms, serial_shops, nicolae_shop_window_shopping,
          corexii_hall_statues_x, minmay_misc_feat_pillars,
          hangedman_decor_push, nicolae_inconvenience_store, skrybe_limestone_x,
          uniq_duvessa, uniq_eustachio
D:7:      gammafunk_beogh_shrine, layout_loops_ring
D:8:      layout_cave_pools, lemuel_tele_altar, uniq_pikel
D:9:      layout_basic, trog_butcher_becter, chequers_jeans,
          corexii_checkpoint_a
D:10:     layout_gridville, old_standard_altar, due_lair_maze_entry_diamond
D:11:     layout_small_grid, nicolae_two_hexagons, nrook_mini_backslash
D:12:     layout_basic
D:13:     layout_rooms
D:14:     layout_gridville, david_vaults_2, minmay_staircase_statues_hall_small,
          uniq_kirke
Lair:1:   layout_hall_layers, nicolae_volcano_entry_vermiform, uniq_urug
Lair:2:   layout_chaotic_city, uniq_erica
Lair:3:   layout_regular_city, minmay_shoals_entry_beasts,
          nicolae_spider_entry_non_spiders, serial_bayou_shore_a,
          grunt_megastairs_3
Lair:4:   layout_loops_ring, lemuel_fruit_tree, infiniplex_staircase_pool_2
Lair:5:   layout_hall_layers
Lair:6:   hangedman_lair_caniforms_friends, layout_gridlike,
          dpeg_slime_entry_enclosed_altar, serial_bayou_pond_e

Skill      XL: |  1  2  3  4  5  6  7  8  9 10 11 12 13 14 |
---------------+-------------------------------------------+-----
Maces & Flails | 3 4 5 6 7 8 10 12 13 15 16 17 | 17.5
Fighting       | 5 6 7 9 11 12 14 16 19 | 19.3
Throwing       | 3 5 10 | 10.1
Dodging        | |  2.6

Action                   |  1- 3 |  4- 6 |  7- 9 | 10-12 | 13-15 || total
-------------------------+-------+-------+-------+-------+-------++-------
Melee: Mace              |    83 |    72 |       |       |       ||   155
       Flail             |       |    47 |   228 |   428 |   362 ||  1065
       Giant spiked club |       |       |       |       |    31 ||    31
Throw: Boomerang         |       |       |       |   123 |    45 ||   168
       Large rock        |       |       |       |    61 |   129 ||   190
Invok: Berserk           |     2 |     4 |     9 |    25 |    10 ||    50
       Trog's Hand       |       |     1 |     5 |    12 |     6 ||    24
       Brothers in Arms  |       |       |       |     2 |     1 ||     3
Evoke: Wand              |       |       |       |     9 |     2 ||    11
  Use: Scroll            |       |       |       |     9 |     9 ||    18
       Potion            |       |       |       |     1 |     2 ||     3
 Stab: Sleeping          |       |       |     1 |       |       ||     1
       Distracted        |       |       |       |     1 |     1 ||     2
Armor: Animal skin       |    41 |    44 |    74 |    30 |       ||   189
       Acid dragon scale |       |       |       |    29 |   129 ||   158
Dodge: Dodged            |    57 |    51 |    81 |   151 |   155 ||   495
Block: Other             |       |       |    27 |    70 |    97 ||   194
       Reflection        |       |       |     1 |     3 |     1 ||     5

Table legend: (Time is in decaauts)
 A = Elapsed time spent in this place.
 B = Non-inter-level travel time spent in this place.
 C = Inter-level travel time spent in this place.
 D = Time resting spent in this place.
 E = Time spent auto-exploring this place.
 F = Levels seen in this place.
 G = Mean time per level.
                   A        B        C        D        E       F      G
               +--------+--------+--------+--------+--------+-----+--------+
         Total |  29541 |  28166 |   1375 |  12003 |  12396 |  21 | 1406.7 |
       Dungeon |  21211 |  20115 |   1096 |   9333 |   8142 |  14 | 1515.1 |
          Lair |   7073 |   6794 |    279 |   1865 |   3932 |   6 | 1178.8 |
       Volcano |   1256 |   1256 |      0 |    804 |    322 |   1 | 1256.0 |
               +--------+--------+--------+--------+--------+-----+--------+

Top non-repeatable levels by time:
    D:14: 2410 daAuts
     D:9: 2281 daAuts
     D:7: 1976 daAuts
  Lair:3: 1930 daAuts
    D:13: 1806 daAuts
     D:2: 1635 daAuts
  Lair:1: 1627 daAuts
    D:11: 1625 daAuts
  Lair:5: 1552 daAuts
    D:12: 1470 daAuts
    D:10: 1310 daAuts
     D:8: 1277 daAuts
     D:5: 1264 daAuts
 Volcano: 1256 daAuts
     D:6: 1182 daAuts
